AoeStats
← nice_am_been

Oasis

508937171Analyzed
2v2 RM · 8d ago on Sep 24, 2026· 48m 5s· 4 players
Game mode
Random Map
Map size
Medium (4 player)
Population
200
Speed
Normal
Resources
Standard
Victory
Conquest
Starting age
Dark Age
Ending age
Imperial Age
RankedLock teamsTeams togetherTeam positionsShared explorationLock speedFull tech treeHidden civsTurbo modeCheats
Victory
Defeat
🇩🇪 Chinese · Germany
1063
+13
🇩🇪 Vietnamese · Germany
1056
+13
🇺🇸 Khmer · United States
1035
-14
🇺🇸 Spanish · United States
961
-12
nickelcent32
1:55 Loom
11:02 Feudal Age
11:29 Double-Bit Axe
11:31 Man-at-Arms
20:05 Castle Age
18:54 Fletching
19:04 Padded Archer Armor
20:05 Horse Collar
22:44 Wheelbarrow
21:58 Elite Skirmisher
25:44 Ballistics
32:27 Town Watch
38:19 Imperial Age
37:05 Fortified Wall
40:03 Chemistry
42:45 Leather Archer Armor
hofhenke69
6:13 Loom
12:10 Feudal Age
19:42 Double-Bit Axe
22:48 Castle Age
22:35 Horse Collar
24:42 Elite Skirmisher
31:31 Bow Saw
38:23 Gold Mining
39:53 Pikeman
43:04 Wheelbarrow
42:45 Caravan
45:10 Gold Shaft Mining
46:59 Ballistics
47:54 Fletching
48:05 Padded Archer Armor
nice_am_been
0:35 Loom
11:38 Feudal Age
17:16 Castle Age
17:57 Double-Bit Axe
19:16 Bow Saw
25:18 Scale Mail Armor
27:34 Chain Mail Armor
30:01 Forging
37:01 Gold Mining
39:39 Gold Shaft Mining
48:23 Stone Mining
TrichterRichter
11:42 Feudal Age
12:23 Double-Bit Axe
13:11 Loom
13:41 Horse Collar
16:04 Castle Age
14:50 Gold Mining
17:37 Bow Saw
18:07 Wheelbarrow
17:38 Heavy Plow
21:56 Hand Cart
25:33 Padded Archer Armor
25:24 Fletching
25:49 Bloodlines
26:37 Husbandry
26:45 Scale Barding Armor
26:51 Forging
29:30 Imperial Age
28:17 Chain Barding Armor
27:53 Bodkin Arrow
28:33 Masonry
29:06 Iron Casting
29:41 Scale Mail Armor
29:27 Elite Skirmisher
30:13 Thumb Ring
30:21 Imperial Skirmisher
32:04 Chemistry
36:10 Siege Engineers
36:27 Ballistics
36:31 Chatras
36:51 Paper Money
39:59 Pikeman
40:39 Squires
41:15 Plate Barding Armor
40:56 Leather Archer Armor
40:42 Scale Mail Armor
43:09 Halberdier
45:15 Elite Battle Elephant
48:13 Bodkin Arrow
48:53 Iron Casting
48:48 Ring Archer Armor
48:34 Chain Mail Armor
Connection lost

Rejoining the realm…

Still unreachable

The connection could not be restored.

Session expired

The server has moved on; the page needs a fresh start.